 Seeded DCSS version 0.28-a0-1555-g9ae15a6949 (webtiles) character file.

Game seed: 63 (custom seed)

9 knot the Chopper (level 2, 21/24 HPs)
             Began as a Demonspawn Berserker on Jan 19, 2022.
             Was a Follower of Trog.
             Quit the game on level 1 of the Dungeon.
             The game lasted 00:00:25 (573 turns).

knot the Chopper (Demonspawn Berserker)              Turns: 573, Time: 00:00:26

Health: 21/24      AC:  2    Str: 17    XL:     2   Next: 3%
Magic:  2/2        EV: 12    Int:  8    God:    Trog [*.....]
Gold:   17         SH:  0    Dex: 12    Spells: 1/1 levels left

rFire   . . .      SeeInvis .   a - +0 hand axe
rCold   . . .      Faith    .   (no shield)
rNeg    . . .      Spirit   .   b - +0 animal skin
rPois   .          Reflect  .   (no helmet)
rElec   .          Harm     .   (no cloak)
rCorr   .          Rampage  .   (no gloves)
Will    .....                   (no boots)
Stlth   +.........              (no amulet)
HPRegen 0.08/turn               (no ring)
MPRegen 0.08/turn               (no ring)

@: no status effects
A: spiny 1
a: Renounce Religion, Berserk


You were on level 1 of the Dungeon.
You worshipped Trog.
Trog was aware of your devotion.
You visited 1 branch of the dungeon, and saw 1 of its levels.

You collected 17 gold pieces.

Inventory:

Hand Weapons
 a - a +0 hand axe (weapon)
Missiles
 c - 20 stones (quivered)
Armour
 b - a +0 animal skin (worn)
Potions
 d - a potion of lignification {unknown}


   Skills:
 - Level 3.0 Fighting
 + Level 3.2 Axes
 - Level 1.7 Armour
 - Level 1.7 Dodging


You had one spell level left.
You didn't know any spells.
Your spell library was empty.

Dungeon Overview and Level Annotations

Branches:
Dungeon (1/15)

Altars:


Innate Abilities, Weirdness & Mutations

You are partially covered in sharp spines.


Message History

d - a grey potion A ball python comes into view.
A ball python is nearby!
The ball python hisses angrily.
You closely miss the ball python. The ball python bites you.
The ball python completely misses you.
You barely miss the ball python. The ball python barely misses you. x3
The ball python grabs you. The ball python constricts you.
You hit the ball python.
The ball python is heavily wounded.
The ball python bites you. The ball python constricts you.
You hit the ball python.
You kill the ball python!
Trog accepts your kill.
No target in view!
No target in view!
No target in view!
HP restored.
Found a stone staircase leading down.
No target in view!
You open the door.
A ball python comes into view.
A ball python is nearby!
There is an open door here.
The helpless ball python fails to defend itself.
You hit the ball python.
The ball python is heavily wounded.
The ball python closely misses you. The ball python grabs you.
The ball python constricts you. The ball python barely misses you.
The ball python constricts you.
You closely miss the ball python.
The ball python is heavily wounded.
The ball python bites you. The ball python constricts you.
You hit the ball python.
You kill the ball python!
Trog accepts your kill.
You have reached level 2!
Your demonic ancestry asserts itself...
Sharp spines emerge from parts of your body.
Are you sure you want to abandon this character and quit the game? (Confirm with "yes".)

+.# #.# #.# #.# #+#### #)#
#.##.. #.## #.##.# #..#
######.##.#
#######.####....#.##.########
...........+....@.....>......
..#####.####....#.##.########
..# #..# #....#.##.######
..######.# #....#.........#
..+......# #....####.####.#
..######.# #^... #.#....# ..#
#.####+## #.#.######## ..#
#..# #..........# ..### #..##
###.######.#.#


There were no monsters in sight!

Vanquished Creatures
  A giant cockroach (D:1)
  A goblin (D:1)
  4 ball pythons (D:1)
  A kobold (D:1)
  A rat (D:1)
8 creatures vanquished.

Notes
Turn   | Place    | Note
-------+----------+-------------------------------------------
     0 | D:1      | knot the Demonspawn Berserker began the quest for the Orb.
     0 | D:1      | Reached XP level 1. HP: 18/18 MP: 1/1
   573 | D:1      | Gained mutation: You are partially covered in sharp spines.
                  | [demonic ancestry]
   573 | D:1      | Reached XP level 2. HP: 21/24 MP: 2/2
   573 | D:1      | Quit the game

Illustrated notes

Levels and vault maps discovered:
D:1:      amcnicky_arrival_choice, layout_basic, ebering_ecumenical_altar_webs,
          minmay_tetromino_i4

Skill      XL: |  1 |
---------------+----+-----
Axes           | 3 |  3.2
Fighting       | |  3.0
Armour         | |  1.7
Dodging        | |  1.7

Action                   || total
-------------------------++-------
Melee: Hand axe          ||    22
Invok: Berserk           ||     2
 Stab: Sleeping          ||     1
Dodge: Dodged            ||    17

Table legend: (Time is in decaauts)
 A = Elapsed time spent in this place.
 B = Non-inter-level travel time spent in this place.
 C = Inter-level travel time spent in this place.
 D = Time resting spent in this place.
 E = Time spent auto-exploring this place.
 F = Levels seen in this place.
 G = Mean time per level.
                   A        B        C        D        E       F      G
               +--------+--------+--------+--------+--------+-----+--------+
         Total |    591 |    591 |      0 |    351 |    189 |   1 |  591.0 |
       Dungeon |    591 |    591 |      0 |    351 |    189 |   1 |  591.0 |
               +--------+--------+--------+--------+--------+-----+--------+

Top non-repeatable levels by time:
     D:1: 591 daAuts
